 Dungeon Crawl Stone Soup version 0.18-a0-1797-gc18daef (webtiles) character file.

67 MTVSty1e the Insei (level 4, -1/35 HPs)
             Began as a Draconian Transmuter on Apr 22, 2016.
             Slain by a worm (11 damage)
             ... on level 2 of the Dungeon.
             The game lasted 00:07:36 (1599 turns).

MTVSty1e the Insei (Draconian Transmuter)           Turns: 1599, Time: 00:07:37

Health: -1/35      AC:  5    Str: 12    XL:     4   Next: 0%
Magic:  6/7        EV: 12    Int: 14    God:
Gold:   53         SH:  0    Dex: 12    Spells: 2 memorised, 5 levels left

rFire  . . .     SeeInvis .       - Unarmed
rCold  . . .     Gourm    .     (armour unavailable)
rNeg   . . .     Faith    .     (no shield)
rPois  .         Spirit   .     (helmet restricted)
rElec  .         Dismiss  .     (no cloak)
rCorr  .         Reflect  .     (no gloves)
SustAt .         Harm     .     (no boots)
MR     .....                    (no amulet)
Stlth  +.........               (no ring)
                                (no ring)

@: appendage (expiring), not resistant to hostile enchantments, very unstealthy
A: unfitting armour, horns 2, cold-blooded, AC +5
a: End Transformation


You were on level 2 of the Dungeon.
You were not hungry.
You had grown temporary horns.
You visited 1 branch of the dungeon, and saw 2 of its levels.

You collected 53 gold pieces.

Inventory:

Hand Weapons
 h - a +1 vampiric dagger
Missiles
 a - 33 arrows
Armour
 g - a +0 leather armour
Scrolls
 c - a scroll of recharging {unknown}
 f - 4 scrolls of identify
 i - a scroll of fog {unknown}
 j - a scroll of fear {unknown}
 n - a scroll of amnesia {unknown}
Potions
 e - a potion of lignification
 k - a potion of berserk rage {unknown}
 m - a potion of degeneration {unknown}
Books
 b - a book of Changes

   Spells                             Type                      Level
   a - Beastly Appendage              Transmutation                1
   b - Sticks to Snakes               Transmutation                2
   c - Spider Form                    Transmutation/Poison         3
   d - Ice Form                       Ice/Transmutation            4
   e - Blade Hands                    Transmutation                5
Comestibles
 d - a meat ration
 l - a bread ration


   Skills:
 + Level 1.5 Fighting
 + Level 2.4 Dodging
 + Level 3.6 Unarmed Combat
 + Level 2.5 Spellcasting
 + Level 2.4 Transmutations


You had 5 spell levels left.
You knew the following spells:

 Your Spells              Type           Power        Failure   Level  Hunger
a - Beastly Appendage     Trmt           #.....       10%         1    #......
b - Sticks to Snakes      Trmt           #.......     14%         2    ###....


Dungeon Overview and Level Annotations

Branches:
Dungeon (2/15)

Altars:
Vehumet


Innate Abilities, Weirdness & Mutations

Your plain brown scales are hard (AC +5).
Your body does not fit into most forms of armour.
You are cold-blooded and may be slowed by cold attacks.
You have a pair of horns on your head.


Message History

The worm is heavily wounded.
The worm misses you.
You hit the worm.
The worm is severely wounded.
The worm barely misses you.
You hit the worm.
You headbutt the worm, but do no damage.
The worm is almost dead.
You completely miss the worm.
The worm is almost dead.
The worm bites you.
* * * LOW HITPOINT WARNING * * *
You hit the worm but do no damage.
You headbutt the worm, but do no damage.
The worm is almost dead.
You barely miss the worm. You headbutt the worm.
The worm is almost dead.
Your transformation is almost over.
The worm bites you!
You die...

#...#####........# .
#........# #..).....#
##........#### .
##............#### ..
#..........##....# ...#
#†#........#####.#
.....##w########## #..
...#...@.###### ###
..........†...# #
...##########.# ## .. #.##
###. #..######...
#############...##...#.
####.....†................
............######........
###..#...#..# #.#.####.


You could see a worm.

Vanquished Creatures
  3 adders (D:2)
  A worm (D:2)
  A dart slug (D:2)
  7 bats (D:1)
  9 goblins
  4 hobgoblins
  A quokka (D:2)
  3 giant newts
  3 kobolds
  3 rats (D:1)
35 creatures vanquished.

Vanquished Creatures (collateral kills)
  A bat (D:1)
1 creature vanquished.

Grand Total: 36 creatures vanquished

Notes
Turn   | Place    | Note
--------------------------------------------------------------
     0 | D:1      | MTVSty1e the Draconian Transmuter began the quest for the Orb.
     0 | D:1      | Reached XP level 1. HP: 16/16 MP: 3/3
   257 | D:1      | Reached XP level 2. HP: 15/23 MP: 3/5
   262 | D:1      | Learned a level 2 spell: Sticks to Snakes
  1167 | D:2      | Reached XP level 3. HP: 22/28 MP: 4/6
  1216 | D:2      | Found a faded altar to an unknown god.
  1259 | D:2      | Found a radiant altar of Vehumet.
  1500 | D:2      | Reached XP level 4. HP: 22/35 MP: 5/7
  1599 | D:2      | Slain by a worm

Vault maps used:
D:1:      eino_arrival_water_cross, kennysheep_small_spiral
D:2:      vehumet_crystals, first_bread, ecumenical_altar_1

Skill      XL: |  1  2 |
---------------+-------+-----
Dodging        | 2 |  2.4
Fighting       | |  1.5
Unarmed Combat | |  3.6
Spellcasting   | |  2.5
Transmutations | |  2.4

Action                   |  1- 3 |  4- 6 || total
-------------------------+-------+-------++-------
Melee: Unarmed           |   125 |     9 ||   134
       Kick              |     8 |       ||     8
       Tailslap          |     8 |       ||     8
       Headbutt          |     4 |     4 ||     8
 Cast: Beastly Appendage |    31 |     1 ||    32
       Sticks to Snakes  |     2 |       ||     2
  Use: Scroll            |     2 |       ||     2
  Eat: Bread ration      |     1 |       ||     1
Armor: Skin              |    49 |       ||    49
Dodge: Dodged            |   107 |     4 ||   111
